cohdb
Replays
Latest Replays
All Replays
Popular Replays
Top Player Replays
Match Explorer
How It Works
Community
CoH3 Stats
Reddit
Sign in to upload your games and track your stats! →
Sign in with Steam
Match 38423064
Unlisted
Match 38423064
Overview
Messages
Build Orders
End
Selects Airborne Battlegroup
Selects Pathfinders
Construct Barracks
Riflemen Squad
M1 Mortar Team
Riflemen Squad
Grenade Package
Air Support Center
Riflemen Squad
Construct Motor Pool
Selects Paratrooper Squad Paradrop
Paratrooper Squad Paradrop
M1918 Browning Automatic Rifles
M8 Greyhound Armored Car
Air Supply
Grasshopper Recon Run
Selects Anti-tank Gun Team Paradrop
Engineer Squad
Grasshopper Recon Run
Double Sortie
Anti-tank Gun Team Paradrop
P-47 Strafing Run
Grasshopper Recon Run
P-47 Strafing Run
Selects Recon Loiter
Selects Supply Drop
Supply Drop
P-47 Strafing Run
PapaPowell
Welly
LEOPARD1492
MarsAlien
KoalaImpala
雪風様のおかけなのだ
Tanith's Finest
果子一块钱
0
0
Comments
sign in to comment!
No comments posted yet!